AoeStats
← pippo

Arena

509684997Analyzed
2v2 RM · 4d ago on Sep 27, 2026· 59m 9s· 4 players
Game mode
Random Map
Map size
Medium (4 player)
Population
200
Speed
Normal
Resources
Standard
Victory
Conquest
Starting age
Dark Age
Ending age
Imperial Age
RankedLock teamsTeams togetherTeam positionsShared explorationLock speedFull tech treeHidden civsTurbo modeCheats
Victory
Defeat
🇨🇭 Mongols · Switzerland
973
+13
🇨🇭 Khmer · Switzerland
919
+16
🇨🇿 Italians · Czechia
980
-17
🇷🇴 Turks · Romania
846
-12
Birdperson
11:10 Feudal Age
17:41 Castle Age
15:49 Double-Bit Axe
17:33 Gold Mining
17:36 Stone Mining
17:29 Horse Collar
20:08 Bow Saw
21:28 Wheelbarrow
22:33 Loom
23:27 Hand Cart
29:17 Bloodlines
31:59 Imperial Age
32:10 Scale Barding Armor
32:16 Forging
32:07 Padded Archer Armor
32:04 Horse Collar
32:15 Heavy Camel Rider
34:09 Conscription
34:36 Iron Casting
34:37 Thumb Ring
35:04 Parthian Tactics
34:56 Masonry
36:05 Leather Archer Armor
35:42 Fletching
36:06 Elite Janissary
37:32 Cavalier
41:48 Caravan
44:10 Ballistics
43:47 Murder Holes
43:51 Bodkin Arrow
44:27 Ring Archer Armor
44:18 Chain Barding Armor
46:15 Bracer
47:17 Blast Furnace
PheonixPerson
7:32 Loom
11:50 Feudal Age
13:22 Feudal Age
13:32 Feudal Age
19:25 Castle Age
17:11 Horse Collar
17:18 Double-Bit Axe
19:51 Wheelbarrow
20:54 Bow Saw
26:41 Heavy Plow
26:33 Stone Mining
29:19 Silk Road
28:54 Gold Mining
33:34 Imperial Age
31:21 Hand Cart
32:57 Ballistics
32:20 Treadmill Crane
32:36 Murder Holes
32:52 Masonry
33:26 Scale Mail Armor
33:36 Forging
33:29 Padded Archer Armor
33:19 Fletching
34:08 Caravan
34:53 Leather Archer Armor
34:56 Fortified Wall
35:33 Thumb Ring
36:40 Chemistry
36:31 Conscription
36:52 Architecture
37:00 Stone Shaft Mining
38:16 Elite Genoese Crossbowman
41:52 Ring Archer Armor
41:17 Bodkin Arrow
41:33 Forging
41:23 Scale Mail Armor
41:38 Squires
51:16 Arrowslits
51:56 Bracer
52:32 Iron Casting
52:13 Chain Mail Armor
54:38 Pirotechnia
pippo
12:49 Feudal Age
16:32 Castle Age
14:16 Horse Collar
14:29 Double-Bit Axe
19:02 Wheelbarrow
19:25 Heavy Plow
21:12 Loom
24:16 Fletching
26:36 Bloodlines
28:14 Hand Cart
29:03 Forging
28:49 Bodkin Arrow
29:00 Scale Barding Armor
29:23 Tusk Swords
32:49 Imperial Age
30:45 Husbandry
30:06 Light Cavalry
30:58 Town Watch
32:39 Town Patrol
33:30 Chain Barding Armor
33:46 Iron Casting
33:56 Conscription
34:21 Elite Battle Elephant
36:04 Ballistics
36:45 Chemistry
37:34 Blast Furnace
37:34 Plate Barding Armor
37:30 Hussar
38:41 Elite Skirmisher
39:28 Bracer
39:29 Padded Archer Armor
49:02 Pikeman
49:49 Scale Mail Armor
50:07 Leather Archer Armor
49:41 Halberdier
marco
12:19 Feudal Age
16:29 Castle Age
16:07 Double-Bit Axe
18:49 Horse Collar
27:34 Bow Saw
28:26 Wheelbarrow
30:11 Hand Cart
30:09 Fletching
30:21 Padded Archer Armor
30:59 Heavy Plow
31:40 Bodkin Arrow
31:41 Loom
31:44 Town Watch
34:08 Bloodlines
34:00 Husbandry
33:22 Light Cavalry
36:18 Leather Archer Armor
36:10 Scale Barding Armor
36:15 Forging
36:07 Gold Mining
36:10 Stone Mining
41:36 Imperial Age
40:10 Chain Barding Armor
40:25 Iron Casting
45:46 Imperial Age
47:48 Elite Skirmisher
48:36 Thumb Ring
49:00 Heavy Camel Rider
Connection lost

Rejoining the realm…

Still unreachable

The connection could not be restored.

Session expired

The server has moved on; the page needs a fresh start.